 Dungeon Crawl Stone Soup version 0.30-a0-591-g3c58d2bc28 (webtiles) character file.

Game seed: 13366126584228257662

136 tilp the Shield-Bearer (level 5, 0/46 HPs)
             Began as a Meteoran Fighter on Jan 4, 2023.
             Slain by an ogre
             ... wielding a +0 giant club
              (22 damage)
             ... on level 4 of the Dungeon.
             The game lasted 00:02:57 (447 turns).

tilp the Shield-Bearer (Meteoran Fighter)            Turns: 447, Time: 00:02:57

Health: 0/46       AC:  8    Str: 17    XL:     5   Next: 71%
Magic:  6/6        EV: 10    Int:  9    God:
Gold:   34         SH:  7    Dex: 16    Spells: 4/4 levels left

rFire   . . .      SeeInvis .    a - +0 long sword
rCold   . . .      Faith    .    i - +2 buckler
rNeg    . . .      Spirit   .    f - +0 scale mail
rPois   .          Reflect  .    (no helmet)
rElec   .          Harm     .    j - +0 cloak
rCorr   .          Rampage  .    (no gloves)
Will    .....                    (no boots) Stlth
                                 (no amulet)
HPRegen 0.27/turn                (no ring)
MPRegen 0.10/turn                (no ring)

@: glowing
A: sense surroundings 1, otherworldly, glowing, explore regen
a: no special abilities


You were on level 4 of the Dungeon.
You visited 1 branch of the dungeon, and saw 5 of its levels.

You collected 34 gold pieces.

Inventory:

Hand Weapons
 a - a +0 long sword (weapon)
 b - a +2 vampiric short sword
Missiles
 l - a throwing net {!f}
 o - 7 poisoned darts (quivered)
Armour
 f - a +0 scale mail (worn)
 i - a +2 buckler (worn)
 j - a +0 cloak (worn)
Scrolls
 c - a scroll of poison {unknown}
 e - a scroll of blinking {unknown}
 g - 2 scrolls of identify {unknown}
Potions
 d - a potion of might
 h - 2 potions of berserk rage {unknown}
 k - a potion of curing {unknown}
 m - a potion of ambrosia {unknown}
 n - a potion of degeneration {unknown}


   Skills:
 + Level 3.9 Fighting
 + Level 3.2 Long Blades
 - Level 4.0 Armour
 * Level 3.1 Dodging
 + Level 1.3 Stealth
 - Level 4.0 Shields


You had 4 spell levels left.
You didn't know any spells.
Your spell library was empty.

Dungeon Overview and Level Annotations

Branches:
Dungeon (5/15) Zot: 2524
 Temple: D:4-7

Altars:
Ashenzari

Annotations:
D:3 1 transporter


Innate Abilities, Weirdness & Mutations

You passively map a small area around you.
You are easily found by Zot.
You glow in the dark.
You regain HP and MP as you explore.


Message History

There is a stone staircase leading down here.
There is an escape hatch in the floor here.
Found a stone staircase leading up.
An endoplasm comes into view.
The endoplasm quivers.
You see here a +0 hand axe.
The endoplasm hits you.
You slash the endoplasm!
You kill the endoplasm!
There is a stone staircase leading up here.
You climb upwards.
Level annotation: 1 transporter
Found a book of the Senses.
There is a stone staircase leading down here.
Unknown command.
You climb downwards.
There is a stone staircase leading up here.
An ogre comes into view. It is wielding a +0 giant club.
Throw: 8 darts (poison)
Press: ? - help, Q - select action, (/) - cycle Shift-Dir - straight line, f - ogre
Aim: an ogre, wielding a +0 giant club (75% to hit)
You throw a poisoned dart. The poisoned dart hits the ogre.
Unknown command.
You hit the ogre but do no damage. You block the ogre's attack.
You hit the ogre but do no damage. The ogre hits you with a +0 giant club!
You slash the ogre!
The ogre is moderately wounded.
The ogre closely misses you.
You barely miss the ogre.
The ogre is moderately wounded.
You hit the ogre.
The ogre is heavily wounded.
The ogre barely misses you.
You hit the ogre.
The ogre is severely wounded.
The ogre hits you with a +0 giant club!
You hit the ogre.
The ogre is severely wounded.
The ogre hits you with a +0 giant club!!
You die...

#########
##.......####
#...........#
#...........#
,
##.....(.....#
,
.......O.....#
#....@.....#
##........## ,
, * #........#
* * ##.......#
* #......## ,
##...<.# *
#....## ,
#....# *
##..##


You could see an ogre.

Vanquished Creatures
  A scorpion (D:4)
  A hound (D:4)
  Jessica (D:3)
  An adder (D:2)
  An endoplasm (D:4)
  2 goblins
  A hobgoblin (D:1)
  3 kobolds
  2 ball pythons
  A rat (D:1)
14 creatures vanquished.

Vanquished Creatures (others)
  A plant (D:3)
1 creature vanquished.

Grand Total: 15 creatures vanquished

Notes
Turn   | Place    | Note
-------+----------+-------------------------------------------
     0 | D:1      | tilp the Meteoran Fighter began the quest for the Orb.
     0 | D:1      | Reached XP level 1. HP: 19/19 MP: 2/2
    55 | D:1      | Reached XP level 2. HP: 23/26 MP: 3/3
    93 | D:2      | Reached skill level 1 in Dodging
   124 | D:2      | Found a faded altar of an unknown god.
   134 | D:2      | Reached XP level 3. HP: 31/31 MP: 4/4
   199 | D:3      | Found a transporter.
   223 | D:3      | Noticed Jessica
   234 | D:3      | Killed Jessica
   235 | D:3      | Reached XP level 4. HP: 33/38 MP: 5/5
   256 | D:4      | Found a broken altar of Ashenzari.
   328 | D:4      | Reached skill level 1 in Stealth
   336 | D:4      | Noticed a scorpion
   344 | D:4      | Killed a scorpion
   345 | D:4      | Reached XP level 5. HP: 46/46 MP: 6/6
   385 | D:5      | Entered Level 5 of the Dungeon
   437 | D:4      | Noticed an ogre
   447 | D:4      | Slain by an ogre

Illustrated notes

Levels and vault maps discovered:
D:1:      minmay_arrival_wavy_path, layout_basic,
          amcnicky_mini_rare_corridor_liquid
D:2:      layout_basic, hellmonk_ecumenical_altar_run_dry,
          minmay_worlds_worst_comb
D:3:      layout_basic, gammafunk_ghost_gnarly_gnolls, hex_large,
          dreamdust_princess_corridor, corexii_shack, minmay_close_crescents,
          uniq_jessica
D:4:      layout_cave_pods, mainiacjoe_overflow_tiny_flanked, minivault_24
D:5:      layout_gridville, nicolae_shop_gadgets, uniq_sigmund

Skill      XL: |  1  2  3  4 |
---------------+-------------+-----
Dodging        | 1 2 3 |  3.1
Long Blades    | 3 |  3.2
Armour         | 4 |  4.0
Stealth        | 1 |  1.3
Shields        | 4 |  4.0
Fighting       | |  3.9

Action                   |  1- 3 |  4- 6 || total
-------------------------+-------+-------++-------
Melee: Long sword        |    28 |    43 ||    71
Throw: Dart              |       |     1 ||     1
Armor: Scale mail        |    12 |    18 ||    30
Dodge: Dodged            |     9 |    17 ||    26
Block: Buckler           |     3 |    25 ||    28

Table legend: (Time is in decaauts)
 A = Elapsed time spent in this place.
 B = Non-inter-level travel time spent in this place.
 C = Inter-level travel time spent in this place.
 D = Time resting spent in this place.
 E = Time spent auto-exploring this place.
 F = Levels seen in this place.
 G = Mean time per level.
                   A        B        C        D        E       F      G
               +--------+--------+--------+--------+--------+-----+--------+
         Total |    474 |    446 |     28 |      0 |      0 |   5 |   94.8 |
       Dungeon |    474 |    446 |     28 |      0 |      0 |   5 |   94.8 |
               +--------+--------+--------+--------+--------+-----+--------+

Top non-repeatable levels by time:
     D:4: 196 daAuts
     D:3: 118 daAuts
     D:1: 82 daAuts
     D:2: 71 daAuts
     D:5: 4 daAuts
